Map: 프리온 단구

Players

IIIIIlllllll - Winner!

  • Race: Zerg Zerg
  • League: Grandmaster

llllllllllll (Scarlett)

  • Race: Zerg Zerg
  • League: Grandmaster

VOD

Have the link to the VOD?

Description

Time

  • Played on: April 10, 2016, 4:28 a.m.
  • Length: 7:23
Show
View Real Time Build Order
Export as new Build Order

IIIIIlllllll Zerg - Winner!

Build Orders: Hatch First 

Get SALT Encoding   

  12  0:01  Drone  
  13  0:08  Drone  
  14  0:33  Hatchery  
  13  0:38  Drone  
  14  0:44  Extractor, Drone  
  14  0:49  Overlord  
  15  1:06  Spawning Pool  
  15  1:10  Drone  
  15  1:13  Drone  
  15  1:15  Drone  
  17  1:23  Drone  
  18  1:30  Extractor  
  18  1:32  Drone  
  19  1:47  Drone x2  
  19  1:52  Queen  
  22  1:54  Queen  
  22  1:58  Zergling x2  
  25  2:04  Overlord  
  25  2:10  Drone x2  
  27  2:16  Drone  
  28  2:25  Drone  
  29  2:30  Queen  
  29  2:34  Drone  
  29  2:36  Drone  
  33  2:39  Overlord  
  33  2:40  Drone  
  34  2:47  Extractor  
  34  2:48  Lair  
  34  2:49  Drone  
  34  2:51  Drone  
  35  2:58  Drone  
  35  3:05  Spine Crawler, Drone x4  
  38  3:13  Evolution Chamber  
  38  3:15  Extractor, Drone x2  
  38  3:16  Roach Warren  
  37  3:22  Extractor  
  36  3:36  Evolution Chamber  
  36  3:38  Metabolic Boost, Drone x2  
  37  3:41  Drone  
  37  3:42  Drone x5  
  43  3:53  Overlord  
  43  3:55  Spire  
  43  3:56  Drone  
  43  3:59  Drone  
  44  4:07  Overseer  
  44  4:12  Drone  
  44  4:13  Drone  
  44  4:14  Drone  
  44  4:15  Overlord  
  47  4:17  Overlord  
  47  4:40  Zerg Ground Armor Level 1  
  47  4:49  Zergling x14  
  47  4:51  Overlord  
  47  4:52  Zergling x4  
  56  4:56  Overlord  
  56  5:00  Overlord  
  56  5:07  Mutalisk x2  
  56  5:10  Zerg Flyer Weapons Level 1, Mutalisk  
  56  5:11  Mutalisk  
  64  5:14  Mutalisk  
  64  5:19  Hatchery  
  65  5:21  Mutalisk  
  65  5:24  Overlord  
  66  5:28  Mutalisk  
  68  5:37  Mutalisk  
  70  5:44  Overlord x2  
  70  5:45  Zergling x2  
  70  5:46  Zergling x6  
  70  5:49  Mutalisk  
  74  5:51  Zergling x4  
  78  5:59  Mutalisk  
  78  6:00  Overlord  
  79  6:07  Mutalisk  
  79  6:09  Zergling x2  
  82  6:15  Mutalisk  
  82  6:17  Zergling x10  
  86  6:24  Mutalisk  
  83  6:29  Zergling x4  
  84  6:34  Mutalisk  
  84  6:36  Zergling x2  
  85  6:40  Zergling x2  
  85  6:46  Drone x7  
  93  6:48  Overlord  
  93  6:55  Overlord x2  
  93  6:59  Overlord  
  93  7:06  Drone x4  
Show
View Real Time Build Order
Export as new Build Order

llllllllllll Zerg 

Build Orders: Hatch First 

Get SALT Encoding   

  12  0:00  Drone  
  13  0:09  Drone  
  14  0:17  Overlord  
  14  0:24  Extractor, Drone  
  15  0:36  Drone  
  15  0:37  Drone  
  17  0:51  Hatchery  
  17  0:56  Drone  
  17  1:01  Drone  
  18  1:11  Spawning Pool  
  18  1:16  Extractor  
  16  1:19  Drone x2  
  18  1:26  Drone  
  19  1:38  Overlord  
  19  1:49  Drone  
  20  2:03  Queen  
  20  2:04  Queen, Spine Crawler  
  20  2:05  Zergling x2  
  20  2:07  Zergling x2  
  25  2:14  Drone  
  25  2:15  Drone  
  27  2:18  Metabolic Boost  
  27  2:25  Drone x2  
  30  2:33  Overlord  
  30  2:40  Queen, Drone  
  33  2:53  Baneling Nest  
  33  2:55  Drone x2  
  34  3:01  Hatchery  
  33  3:06  Zergling x4  
  35  3:15  Zergling x4  
  35  3:18  Drone x4  
  41  3:24  Overlord  
  41  3:32  Overlord, Drone  
  41  3:33  Drone  
  43  3:39  Overlord  
  43  3:44  Drone x3  
  43  3:46  Drone x2  
  48  3:54  Drone x2  
  52  3:55  Drone x2  
  52  3:59  Extractor  
  52  4:02  Extractor  
  50  4:09  Roach Warren, Evolution Chamber  
  48  4:11  Drone x3  
  48  4:13  Drone  
  48  4:14  Drone x3  
  48  4:16  Drone  
  56  4:25  Overlord  
  56  4:26  Drone  
  56  4:27  Lair, Drone x2  
  59  4:35  Overlord, Zerg Missile Weapons Level 1  
  59  4:46  Drone x8  
  59  4:51  Overlord  
  67  4:54  Roach x3  
  67  4:56  Roach x2  
  77  5:02  Overlord  
  77  5:06  Extractor  
  76  5:09  Extractor  
  75  5:16  Roach x8  
  88  5:29  Roach x9  
  105  5:40  Overseer  
  105  5:44  Glial Reconstitution  
  105  5:51  Spore Crawler  
  105  5:54  Queen x2, Spore Crawler  
  105  5:58  Spore Crawler  
  105  5:59  Queen  
  105  6:00  Overlord x6  
  105  6:03  Hydralisk Den  
  91  6:23  Drone x3  
  88  6:26  Drone x3  
  88  6:28  Roach x4, Spore Crawler  
  88  6:30  Spore Crawler  
  81  6:35  Spore Crawler x2  
  81  6:36  Hydralisk x3  
  75  6:47  Hydralisk x4  
Tags
 
Add a new tag
Caveats
  • Supply blocks, unpowered buildings, or Contaminate may cause inaccurate times.
  • Supply counts are checked every 10 seconds.